 Dungeon Crawl Stone Soup version 0.27-a0-585-g945025970d (webtiles) character file.

Game seed: 15758275700594685361

18 Ishchenko the Skirmisher (level 2, -1/24 HPs)
             Began as a Human Fighter on Mar 10, 2021.
             Slain by a jackal (2 damage)
             ... on level 1 of the Dungeon on June 20, 2021.
             The game lasted 00:02:51 (596 turns).

Ishchenko the Skirmisher (Human Fighter)             Turns: 596, Time: 00:02:52

Health: -1/24      AC:  6    Str: 16    XL:     2   Next: 90%
Magic:  2/2        EV:  7    Int:  8    God:
Gold:   6          SH:  9    Dex: 12    Spells: 1/1 levels left

rFire    . . .     SeeInvis .   a - +0 long sword
rCold    . . .     Faith    .   c - +0 kite shield
rNeg     . . .     Spirit   .   b - +0 scale mail
rPois    .         Reflect  .   (no helmet)
rElec    .         Harm     .   (no cloak)
rCorr    .         Rampage  .   (no gloves)
Will     .....                  (no boots)
Stlth    ..........             (no amulet)
HPRegen  0.08/turn              (no ring)
MPRegen  0.08/turn              (no ring)

@: no status effects
A: no striking features
a: no special abilities


You were on level 1 of the Dungeon.
You visited 1 branch of the dungeon, and saw 1 of its levels.

You collected 6 gold pieces.

Inventory:

Hand Weapons
 a - a +0 long sword (weapon)
Armour
 b - a +0 scale mail (worn)
 c - a +0 kite shield (worn)
Jewellery
 h - an amulet of faith
Scrolls
 e - a scroll of teleportation {unknown}
 f - a scroll of identify {unknown}
Potions
 d - a potion of might
 g - a potion of mutation {unknown}


   Skills:
 + Level 3.2 Fighting
 + Level 2.1 Long Blades
 + Level 3.2 Armour
 + Level 0.4 Dodging
 + Level 3.2 Shields


You had one spell level left.
You didn't know any spells.
Your spell library was empty.

Dungeon Overview and Level Annotations

Branches:
Dungeon (1/15)

Altars:


Message History

The jackal closely misses you.
You riposte.
You closely miss the jackal. The jackal bites you.
* * * LOW HITPOINT WARNING * * *
The jackal completely misses you.
You riposte.
Your shield and scale mail prevent you from hitting the jackal.
You block the jackal's attack.
The jackal bites you but does no damage.
You block the jackal's attack. The jackal closely misses you.
You riposte.
You closely miss the jackal.
The jackal bites you but does no damage.
The jackal barely misses you.
You riposte.
You closely miss the jackal. You block the jackal's attack.
The jackal bites you.
* * * LOW HITPOINT WARNING * * *
The jackal bites you but does no damage. x2
You block the jackal's attack. The jackal bites you.
* * * LOW HITPOINT WARNING * * *
The jackal barely misses you. You block the jackal's attack.
The jackal barely misses you. The jackal closely misses you.
The jackal bites you but does no damage.
You block the jackal's attack.
The jackal bites you but does no damage. x2
The jackal bites you.
* * * LOW HITPOINT WARNING * * *
The jackal closely misses you.
The jackal bites you but does no damage.
You block the jackal's attack.
The jackal bites you but does no damage.
The jackal bites you.
* * * LOW HITPOINT WARNING * * *
You block the jackal's attack.
The jackal bites you but does no damage.
The jackal barely misses you. You block the jackal's attack.
The jackal bites you.
* * * LOW HITPOINT WARNING * * *
The jackal completely misses you.
You riposte.
You closely miss the jackal.
The jackal bites you but does no damage.
The jackal barely misses you.
You riposte.
You closely miss the jackal.
You block the jackal's attack. x2; The jackal bites you.
You die...

# #..)....# #.#.....# #
#######.# #.......# #
######### ##)############.####
###....... ............###.#
..(...##.###+#######'###.....#
....#.##.#..⌠...>...⌠..#..####
.........#......<......#..#
....#(...'⌠...)###....⌠+..#
.#..#..#.#.....h@......#..#
.........#######h#######..#
######.#.#...hrrrB.....#.##
#.#.#.....rh......#.#
....#.............#
.##..############### #. ..


You could see 4 jackals, a giant cockroach and 4 rats.

Vanquished Creatures
  An ooze (D:1)
  2 giant cockroaches (D:1)
  A goblin (D:1)
  A hobgoblin (D:1)
  A jackal (D:1)
  2 kobolds (D:1)
  5 bats (D:1)
13 creatures vanquished.

Notes
Turn   | Place    | Note
-------+----------+-------------------------------------------
     0 | D:1      | Ishchenko the Human Fighter began the quest for the Orb.
     0 | D:1      | Reached XP level 1. HP: 18/18 MP: 1/1
     1 | D:1      | Found a runed translucent door.
   189 | D:1      | Reached XP level 2. HP: 9/24 MP: 2/2
   594 | D:1      | HP: 1/24 [jackal (1)]
   596 | D:1      | Slain by a jackal

Illustrated notes

Levels and vault maps discovered:
D:1:      dpeg_arrival_caged_fury, layout_loops_cross

Action                   || total
-------------------------++-------
Melee: Long sword        ||    19
Armor: Scale mail        ||   153
Dodge: Dodged            ||    93
Block: Kite shield       ||   113
       Rpst.: Long sword ||    30

Table legend: (Time is in decaauts)
 A = Elapsed time spent in this place.
 B = Non-inter-level travel time spent in this place.
 C = Inter-level travel time spent in this place.
 D = Time resting spent in this place.
 E = Time spent auto-exploring this place.
 F = Levels seen in this place.
 G = Mean time per level.
                   A        B        C        D        E       F      G
               +--------+--------+--------+--------+--------+-----+--------+
         Total |    606 |    606 |      0 |      0 |    351 |   1 |  606.0 |
       Dungeon |    606 |    606 |      0 |      0 |    351 |   1 |  606.0 |
               +--------+--------+--------+--------+--------+-----+--------+

Top non-repeatable levels by time:
     D:1: 606 daAuts
